 Dungeon Crawl Stone Soup version 0.23-a0-80-gc95c2c7 (webtiles) character file.

137 Amnesiac the Gusty (level 5, -1/35 HPs)
             Began as a Mummy Air Elementalist on Aug 13, 2018.
             Slain by a hound zombie (3 damage)
             ... in an ossuary.
             The game lasted 00:02:40 (1006 turns).

Amnesiac the Gusty (Mummy Air Elementalist)         Turns: 1006, Time: 00:02:41

Health: -1/35      AC:  2    Str: 11    XL:     5   Next: 0%
Magic:  10/11      EV: 12    Int: 15    God:
Gold:   25         SH:  0    Dex: 13    Spells: 7/12 levels left

rFire    x . .     SeeInvis .   c - +0 whip (drain)
rCold    + . .     Gourm    .   (no shield)
rNeg     + + +     Faith    +   a - +0 robe
rPois    ∞         Spirit   .   (no helmet)
rElec    .         Reflect  .   (no cloak)
rCorr    .         Harm     .   (no gloves)
MR       .....                  (no boots)
Stlth    ++........             d - amulet of faith
HPRegen  0.11/turn              b - ring of wizardry
MPRegen  0.12/turn              (no ring)

@: no status effects
A: no food or potions, fire vulnerability, cold resistance 1, negative energy
resistance 3, torment resistance, unbreathing
a: no special abilities


You were in an ossuary.
You were not hungry.

You visited 1 branch of the dungeon, and saw 6 of its levels.
You also visited: Ossuary.

You collected 25 gold pieces.

Inventory:

Hand Weapons
 c - a +0 whip of draining (weapon)
Armour
 a - a +0 robe (worn)
 h - a +0 shield
Jewellery
 b - a ring of wizardry (left hand)
 d - an amulet of faith (around neck)
Wands
 f - a wand of random effects (27)
Scrolls
 e - a scroll of remove curse {!r}
 g - a scroll of fear {!r, unknown}


   Skills:
 - Level 1.5 Dodging
 - Level 1.5 Stealth
 + Level 4.1 Spellcasting
 - Level 0.7 Conjurations
 * Level 4.2 Air Magic


You had 7 spell levels left.
You knew the following spells:

 Your Spells              Type           Power        Failure   Level  Hunger
a - Shock                 Conj/Air       ##..         2%          1    N/A
d - Airstrike             Air            ###.......   13%         4    N/A

Your spell library contained the following spells:

 Spells                   Type           Power        Failure   Level  Hunger
 Lightning Bolt           Conj/Air       ##........   56%         5    N/A
 Swiftness                Chrm/Air       #.......     4%          2    N/A
 Static Discharge         Conj/Air       ##......     9%          3    N/A

Dungeon Overview and Level Annotations

Branches:
Dungeon (6/15)
 Temple: D:4-7

Altars:
Fedhas


Innate Abilities, Weirdness & Mutations

You do not eat or drink.
Your flesh is vulnerable to fire.
You are immune to poison.
Your flesh is cold resistant. (rC+)
You are immune to negative energy. (rN+++)
You are immune to unholy pain and torment.
You can survive without breathing.


Message History

The hound zombie barely misses you.
Unknown command.
Casting: Shock (safe; 2% risk of failure)
Confirm with . or Enter, or press ? or * to list all spells.
Aiming: Shock (safe; 2% risk of failure)
Press: ? - help, Shift-Dir - straight line The zap hits the hound zombie.
The hound zombie is moderately damaged.
The zap hits the hobgoblin zombie.
The hobgoblin zombie is moderately damaged.
The zap misses the hobgoblin zombie.
The zap hits the hound zombie.
The hound zombie is moderately damaged.
The hound zombie bites you.
* * * LOW HITPOINT WARNING * * *
The hound zombie misses you.
Unknown command.
Casting: Shock (safe; 2% risk of failure)
Confirm with . or Enter, or press ? or * to list all spells.
Aiming: Shock (safe; 2% risk of failure)
Press: ? - help, Shift-Dir - straight line The zap hits the hound zombie.
The hound zombie is heavily damaged.
The zap hits the hobgoblin zombie.
The hobgoblin zombie is severely damaged.
The zap misses the hobgoblin zombie.
The zap hits the hound zombie.
The hound zombie is heavily damaged.
The hound zombie bites you.
* * * LOW HITPOINT WARNING * * *
Found a scroll labeled BIF VU GIRPHU and a scroll labeled JUYHYE UCIASA.
The hound zombie barely misses you. x2
The hobgoblin zombie misses you. The adder zombie bites you.
* * * LOW HITPOINT WARNING * * *
The adder zombie closely misses you. The hound zombie closely misses you.
Found a gate leading back out of this place.
The hound zombie bites you but does no damage.
The hound zombie misses you.
A mummy comes into view.
The hound zombie bites you.
* * * LOW HITPOINT WARNING * * *
The hound zombie completely misses you.
Found 7 gold pieces and a giant club.
Found 9 gold pieces and a falchion.
The hound zombie barely misses you. The jackal zombie bites you.
* * * LOW HITPOINT WARNING * * *
The hound zombie bites you.
* * * LOW HITPOINT WARNING * * *
The jackal zombie bites you but does no damage.
Found a gate leading back out of this place.
The hound zombie closely misses you.
Casting: Shock (safe; 2% risk of failure)
Confirm with . or Enter, or press ? or * to list all spells.
Aiming: Shock (safe; 2% risk of failure)
Press: ? - help, Shift-Dir - straight line The zap hits the hound zombie.
The hound zombie is severely damaged.
The zap hits the adder zombie.
The adder zombie is lightly damaged.
The zap misses the adder zombie.
The zap misses the hound zombie.
The jackal zombie bites you.
* * * LOW HITPOINT WARNING * * *
The hound zombie bites you.
You die...

#################
∩...........#)$#
...........#)$#
.#####.........#+##
...........Z......#
...............M.Z....#
...........@ZZ.##.....#
............Z.Z##.....#
................Z.....#
.....................Z.#
.....................#..#
.................M..##..#
.........∩.......Z..##ZZ#
..........∩..........##..#
......................#..#


You could see 2 mummies, an adder zombie, a jackal zombie, a hound zombie, a
hobgoblin zombie, a gnoll zombie, an orc zombie, an elf zombie and a human
zombie.

Vanquished Creatures
  A centaur (D:5)
  An orc priest (D:3)
  An adder (D:3)
  5 orcs (D:3)
  A giant cockroach (D:3)
  2 goblins (D:3)
  A hobgoblin (D:3)
  2 frilled lizards (D:3)
  2 goblin zombies (D:4)
  A kobold (D:3)
  3 rats (D:3)
20 creatures vanquished.

Notes
Turn   | Place    | Note
-------+----------+-------------------------------------------
     0 | D:1      | Amnesiac the Mummy Air Elementalist began the quest for the Orb.
     0 | D:1      | Reached XP level 1. HP: 13/13 MP: 4/4
   141 | D:3      | Reached XP level 2. HP: 8/19 MP: 1/5
   145 | D:3      | Found a blossoming altar of Fedhas.
   225 | D:3      | Reached XP level 3. HP: 10/24 MP: 5/7
   573 | D:5      | Entered Level 5 of the Dungeon
   580 | D:5      | Noticed a centaur
   829 | D:5      | Killed a centaur
   829 | D:5      | Reached XP level 4. HP: 3/30 MP: 7/10
   841 | D:5      | Learned a level 4 spell: Airstrike
   914 | D:4      | Found a sand-covered staircase.
   936 | D:4      | Reached XP level 5. HP: 16/35 MP: 8/11
   957 | Ossuary  | Entered an ossuary
  1006 | Ossuary  | Slain by a hound zombie

Vault maps used:
D:1:      minmay_arrival_wavy_path, minivault_25, corner_web_ring
D:2:      minmay_kobold_bridge
D:3:      nicolae_overflow_crystal_walls, minivault_23, kennysheep_nondescript
D:4:      enter_ossuary_4
D:5:      lightli_temple_of_fire, lemuel_zombie_altar_kikubaaqudgha,
          eat_drink_and_be_merry_uskayaw, first_ration, minmay_item_behind_shaft
D:6:      minmay_temple_entry_statues_pillars, uniq_pikel
Ossuary:  ossuary_minmay_tomb_2a

Skill      XL: |  1  2  3 |
---------------+----------+-----
Spellcasting   | 3 4 |  4.1
Air Magic      | 3 4 |  4.2
Dodging        | |  1.5
Stealth        | |  1.5
Conjurations   | |  0.7

Action                   |  1- 3 |  4- 6 || total
-------------------------+-------+-------++-------
Melee: Whip              |    29 |       ||    29
 Cast: Shock             |    19 |    10 ||    29
  Use: Scroll            |     1 |       ||     1
 Stab: Sleeping          |     1 |       ||     1
Armor: Robe              |     5 |     4 ||     9
Dodge: Dodged            |    37 |    14 ||    51

Table legend:
 A = Non-vault XP
 B = Vault XP
 C = Vault XP percentage of total XP
 D = Non-vault monster count
 E = Vault monster count
 F = Vault count percentage of total count
 G = Total turns spent on level
                 A         B        C        D         E       F
            +---------+---------+-------+---------+---------+-------
      Total |     195 |       2 |   1.0 |      18 |       2 |  10.0
            +---------+---------+-------+---------+---------+-------
        D:3 |      83 |       0 |   0.0 |      17 |       0 |   0.0
        D:4 |       0 |       2 | 100.0 |       0 |       2 | 100.0
        D:5 |     112 |       0 |   0.0 |       1 |       0 |   0.0
            +---------+---------+-------+---------+---------+-------
